 Dungeon Crawl Stone Soup version 0.27-a0-1324-ge0d8e047f6 (webtiles) character file.

Game seed: 2658156926857903947

88 Alarak the Shield-Bearer (level 4, 0/41 HPs)
             Began as a Gnoll Fighter on June 23, 2021.
             Slain by an orc priest (3 damage)
             ... on level 3 of the Dungeon.
             The game lasted 00:02:44 (1818 turns).

Alarak the Shield-Bearer (Gnoll Fighter)            Turns: 1818, Time: 00:02:45

Health: 0/41       AC: 10    Str: 16    XL:     4   Next: 53%
Magic:  5/5        EV:  5    Int:  8    God:
Gold:   25         SH: 10    Dex: 11    Spells: 5/5 levels left

rFire    . . .     SeeInvis .   a - +0 long sword
rCold    . . .     Faith    .   c - +0 kite shield
rNeg     . . .     Spirit   .   f - +0 chain mail
rPois    .         Reflect  .   (no helmet)
rElec    .         Harm     .   (no cloak)
rCorr    .         Rampage  .   (no gloves)
Will     .....                  (no boots)
Stlth    ..........             (no amulet)
HPRegen  0.13/turn              (no ring)
MPRegen  0.09/turn              (no ring)

@: no status effects
A: fangs 1, strong nose, distributed training
a: no special abilities


You were on level 3 of the Dungeon.
You visited 1 branch of the dungeon, and saw 3 of its levels.

You collected 25 gold pieces.

Inventory:

Hand Weapons
 a - a +0 long sword (weapon)
Armour
 c - a +0 kite shield (worn)
 f - a +0 chain mail (worn)
Scrolls
 h - 2 scrolls of identify {unknown}
Potions
 b - a potion of heal wounds {unknown}
 d - a potion of might
 e - a potion of degeneration {unknown}
 g - a potion of ambrosia {unknown}


   Skills:
 + Level 6.6 Fighting
 + Level 1.2 Short Blades
 + Level 4.6 Long Blades
 + Level 1.2 Axes
 + Level 1.2 Maces & Flails
 + Level 1.2 Polearms
 + Level 1.2 Staves
 + Level 1.2 Slings
 + Level 1.2 Bows
 + Level 1.2 Crossbows
 + Level 1.2 Throwing
 + Level 6.6 Armour
 + Level 1.2 Dodging
 + Level 1.2 Stealth
 + Level 6.6 Shields
 + Level 1.2 Unarmed Combat
 + Level 1.2 Spellcasting
 + Level 1.0 Conjurations
 + Level 1.0 Hexes
 + Level 1.0 Summonings
 + Level 1.0 Necromancy
 + Level 1.0 Translocations
 + Level 1.0 Transmutations
 + Level 1.0 Fire Magic
 + Level 1.0 Ice Magic
 + Level 1.0 Air Magic
 + Level 1.0 Earth Magic
 + Level 1.0 Poison Magic
 + Level 1.3 Invocations
 + Level 1.2 Evocations


You had 5 spell levels left.
You didn't know any spells.
Your spell library contained the following spells:

 Spells                   Type           Power      Damage    Failure   Level
 Summon Small Mammal      Summ           8%         N/A       100%        1
 Call Imp                 Summ           2%         N/A       100%        2
 Call Canine Familiar     Summ           2%         N/A       100%        3
 Summon Guardian Golem    Hex/Summ       2%         N/A       100%        3
 Summon Ice Beast         Ice/Summ       2%         N/A       100%        4
 Summon Lightning Spire   Summ/Air       2%         N/A       100%        4


Dungeon Overview and Level Annotations

Branches:
Dungeon (3/15)

Altars:

Annotations:
D:2 Robin


Innate Abilities, Weirdness & Mutations

You have very sharp teeth.
Your uncanny sense of smell can sniff out nearby items.
Your experience applies equally to all skills.


Message History

You feel sick.
Your Conjurations skill increases to level 1!
Your Hexes skill increases to level 1!
Your Summonings skill increases to level 1!
Your Necromancy skill increases to level 1!
Your Translocations skill increases to level 1!
Your Transmutations skill increases to level 1!
Your Fire Magic skill increases to level 1!
Your Ice Magic skill increases to level 1!
Your Air Magic skill increases to level 1!
Your Earth Magic skill increases to level 1!
Your Poison Magic skill increases to level 1!
You hit the orc priest.
The orc priest is lightly wounded.
You feel sick.
You are no longer poisoned.
The orc priest looks satisfied for a moment.
You hit the orc priest.
The orc priest is moderately wounded.
You block the orc priest's attack. x2
You hit the orc priest.
The orc priest is heavily wounded.
You block the orc priest's attack.
You hit the orc priest.
The orc priest is severely wounded.
The orc priest looks encouraged for a moment.
You closely miss the orc priest.
The orc priest is severely wounded.
The orc priest hits you with a +0 mace.
* * * LOW HITPOINT WARNING * * *
The orc priest barely misses you.
You closely miss the orc priest.
The orc priest is severely wounded.
The orc priest hits you with a +0 mace.
* * * LOW HITPOINT WARNING * * *
You closely miss the orc priest.
You bite the orc priest, but do no damage.
The orc priest is severely wounded.
The orc priest hits you with a +0 mace.
You die...

#......#....#
#†####.#....# #######
#.##...#....##.......
#.##......†..#o......
#.######.............
#.# .......o#..o....
#.# #######.#.......
..# #######.#####...
### #....@o.........
∆ #.######........
....... .......
..[.... .......
##.#... ∆


You could see an orc priest.

Vanquished Creatures
  2 adders (D:2)
  A worm (D:2)
  3 dart slugs
  4 orcs (D:3)
  7 bats
  7 endoplasms
  2 giant cockroaches
  5 goblins
  4 hobgoblins
  7 jackals
  A quokka (D:1)
  2 ball pythons
  A frilled lizard (D:2)
  2 kobolds (D:1)
  4 rats
52 creatures vanquished.

Notes
Turn   | Place    | Note
-------+----------+-------------------------------------------
     0 | D:1      | Alarak the Gnoll Fighter began the quest for the Orb.
     0 | D:1      | Reached XP level 1. HP: 23/23 MP: 1/1
    70 | D:1      | Found a faded altar of an unknown god.
   136 | D:1      | Reached XP level 2. HP: 29/29 MP: 2/2
   800 | D:1      | Reached XP level 3. HP: 35/35 MP: 3/3
  1082 | D:2      | Reached skill level 1 in Invocations
  1099 | D:2      | Reached skill level 1 in Short Blades
  1099 | D:2      | Reached skill level 1 in Axes
  1099 | D:2      | Reached skill level 1 in Maces & Flails
  1099 | D:2      | Reached skill level 1 in Polearms
  1099 | D:2      | Reached skill level 1 in Staves
  1099 | D:2      | Reached skill level 1 in Slings
  1099 | D:2      | Reached skill level 1 in Bows
  1099 | D:2      | Reached skill level 1 in Crossbows
  1099 | D:2      | Reached skill level 1 in Throwing
  1099 | D:2      | Reached skill level 1 in Dodging
  1099 | D:2      | Reached skill level 1 in Stealth
  1099 | D:2      | Reached skill level 1 in Unarmed Combat
  1099 | D:2      | Reached skill level 1 in Spellcasting
  1099 | D:2      | Reached skill level 1 in Evocations
  1232 | D:2      | Reached XP level 4. HP: 41/41 MP: 5/5
  1530 | D:2      | Noticed Robin
  1812 | D:3      | Reached skill level 1 in Conjurations
  1812 | D:3      | Reached skill level 1 in Hexes
  1812 | D:3      | Reached skill level 1 in Summonings
  1812 | D:3      | Reached skill level 1 in Necromancy
  1812 | D:3      | Reached skill level 1 in Translocations
  1812 | D:3      | Reached skill level 1 in Transmutations
  1812 | D:3      | Reached skill level 1 in Fire Magic
  1812 | D:3      | Reached skill level 1 in Ice Magic
  1812 | D:3      | Reached skill level 1 in Air Magic
  1812 | D:3      | Reached skill level 1 in Earth Magic
  1812 | D:3      | Reached skill level 1 in Poison Magic
  1818 | D:3      | Slain by an orc priest

Illustrated notes

Levels and vault maps discovered:
D:1:      dpeg_arrival_arbitrary_a, layout_basic, basic_ecumenical_altar,
          chequers_serial_rivers_small_b, hex_large, minmay_pentomino_s4
D:2:      layout_basic, eino_tiny_chamber, uniq_robin
D:3:      layout_basic, grunt_dithmenos_smoke, gammafunk_ghost_arena,
          uniq_jessica

Skill      XL: |  1  2  3  4 |
---------------+-------------+-----
Invocations    | 1 |  1.3
Short Blades   | 1 |  1.2
Axes           | 1 |  1.2
Maces & Flails | 1 |  1.2
Polearms       | 1 |  1.2
Staves         | 1 |  1.2
Slings         | 1 |  1.2
Bows           | 1 |  1.2
Crossbows      | 1 |  1.2
Throwing       | 1 |  1.2
Dodging        | 1 |  1.2
Stealth        | 1 |  1.2
Unarmed Combat | 1 |  1.2
Spellcasting   | 1 |  1.2
Evocations     | 1 |  1.2
Conjurations   | 1 |  1.0
Hexes          | 1 |  1.0
Summonings     | 1 |  1.0
Necromancy     | 1 |  1.0
Translocations | 1 |  1.0
Transmutations | 1 |  1.0
Fire Magic     | 1 |  1.0
Ice Magic      | 1 |  1.0
Air Magic      | 1 |  1.0
Earth Magic    | 1 |  1.0
Poison Magic   | 1 |  1.0
Fighting       | |  6.6
Long Blades    | |  4.6
Armour         | |  6.6
Shields        | |  6.6

Action                   |  1- 3 |  4- 6 || total
-------------------------+-------+-------++-------
Melee: Long sword        |    91 |    61 ||   152
       Bite              |     6 |     6 ||    12
  Use: Potion            |       |     1 ||     1
Armor: Scale mail        |    10 |       ||    10
       Chain mail        |    36 |    45 ||    81
Dodge: Dodged            |    30 |    12 ||    42
Block: Kite shield       |    58 |    36 ||    94
       Rpst.: Long sword |     7 |     5 ||    12

Table legend: (Time is in decaauts)
 A = Elapsed time spent in this place.
 B = Non-inter-level travel time spent in this place.
 C = Inter-level travel time spent in this place.
 D = Time resting spent in this place.
 E = Time spent auto-exploring this place.
 F = Levels seen in this place.
 G = Mean time per level.
                   A        B        C        D        E       F      G
               +--------+--------+--------+--------+--------+-----+--------+
         Total |   1873 |   1847 |     26 |    318 |   1179 |   3 |  624.3 |
       Dungeon |   1873 |   1847 |     26 |    318 |   1179 |   3 |  624.3 |
               +--------+--------+--------+--------+--------+-----+--------+

Top non-repeatable levels by time:
     D:1: 913 daAuts
     D:2: 681 daAuts
     D:3: 278 daAuts
